 Dungeon Crawl Stone Soup version 0.25-a0-1118-g1a081956a1 (webtiles) character file.

Game seed: 8924982321375480215, levelgen mode: deterministic

39 Majang the Chiller (level 3, -5/21 HPs)
             Began as an Octopode Ice Elementalist on May 17, 2020.
             Killed by divine providence
             ... invoked by an orc priest
              (13 damage)
             ... on level 2 of the Dungeon.
             The game lasted 00:07:07 (1904 turns).

Majang the Chiller (Octopode Ice Elementalist)      Turns: 1904, Time: 00:07:09

Health: -5/21      AC:  6    Str:  7    XL:     3   Next: 45%
Magic:  1/7        EV: 13    Int: 18    God:
Gold:   111        SH:  0    Dex: 12    Spells: 0/7 levels left

rFire    . . .     SeeInvis .   f - +0 spear
rCold    . . .     Gourm    .   (no shield)
rNeg     . . .     Faith    .   (helmet restricted)
rPois    .         Spirit   .   (no amulet)
rElec    .         Reflect  .   (no ring)
rCorr    .         Harm     .   (no ring)
MR       .....                  (no ring)
Stlth    +++.......             (no ring)
HPRegen  0.07/turn              (no ring)
MPRegen  0.10/turn              (no ring)
                                (no ring)
                                (no ring)

@: icy armour, frozen ramparts
A: almost no armour, stealthy swim, amphibious, 8 rings, constrict 8, camouflage
1, gelatinous body 1
a: no special abilities


You were on level 2 of the Dungeon.
You were not hungry.

You visited 1 branch of the dungeon, and saw 2 of its levels.

You collected 111 gold pieces.

Inventory:

Hand Weapons
 e - a +0 dagger
 f - a +0 spear (weapon)
Missiles
 j - 11 stones (quivered)
Scrolls
 a - 3 scrolls of identify {unknown}
 c - a scroll of magic mapping {unknown}
 g - 2 scrolls of remove curse {unknown}
Potions
 d - a potion of resistance {unknown}
 h - 2 potions of curing {unknown}
 i - 2 potions of heal wounds {unknown}
 l - a potion of mutation {unknown}
Comestibles
 b - a ration
 k - 2 chunks of flesh


   Skills:
 - Level 2.0 Dodging
 - Level 2.6 Stealth
 + Level 2.8 Spellcasting
 + Level 0.0 Charms
 + Level 4.6 Ice Magic


You couldn't memorise any spells.
You knew the following spells:

 Your Spells              Type           Power        Failure   Level  Hunger
a - Ozocubu's Armour      Chrm/Ice       ##......     19%         3    ###....
f - Freeze                Ice            ###.         2%          1    None
r - Frozen Ramparts       Ice            ###...       8%          3    ###....

Your spell library contained the following spells:

 Spells                   Type           Power        Failure   Level  Hunger
 Hailstorm                Conj/Ice       ##......     54%         4    ####...
 Summon Ice Beast         Ice/Summ       ##......     54%         4    ####...


Dungeon Overview and Level Annotations

Branches:
Dungeon (2/15)

Altars:
Elyvilon
Okawaru


Innate Abilities, Weirdness & Mutations

You cannot wear most types of armour.
You are very stealthy in the water. (Stealth+)
You are amphibious.
You can wear up to eight rings at the same time.
You can use your tentacles to constrict eight enemies at once.
Your skin changes colour to match your surroundings (Stealth+).
Your rubbery body absorbs attacks. (AC +1, EV +1)


Message History

You hit the orc priest but do no damage.
You grab the orc priest. You squeeze the orc priest.
The orc priest is moderately wounded.
You constrict the orc priest, but do no damage.
The wall freezes the orc priest.
The orc priest hits you with a +2 trident of protection.
A goblin comes into view. It is wielding a +0 club.
The goblin shouts!
You hit the orc priest but do no damage.
The orc priest is heavily wounded.
You constrict the orc priest, but do no damage.
The wall freezes the orc priest.
The orc priest hits you with a +2 trident of protection.
You hit the orc priest but do no damage.
The orc priest is severely wounded.
You constrict the orc priest.
The wall freezes the orc priest.
The orc priest invokes the aid of Beogh against you.
Beogh smites you!
Ouch! That really hurt!
You die...

# ########## ##.
###......... #..##
........>..
###....########.........
#....#o......##.........
...g...@................
...#######....#.........
#..............
######..............
#.........#.........
...#####.###....#####
#.# #....# #.###....##
.........)####


You could see an orc priest and a goblin.

Vanquished Creatures
  An adder (D:2)
  A worm (D:1)
  A dart slug (D:1)
  An orc (D:2)
  2 bats (D:1)
  A giant cockroach (D:1)
  2 hobgoblins (D:1)
  3 kobolds (D:1)
  A ball python (D:1)
  2 frilled lizards (D:1)
  5 goblins
  4 rats
24 creatures vanquished.

Notes
Turn   | Place    | Note
-------+----------+-------------------------------------------
     0 | D:1      | Majang the Octopode Ice Elementalist began the quest for
                  | the Orb.
     0 | D:1      | Reached XP level 1. HP: 11/11 MP: 3/3
   343 | D:1      | Reached XP level 2. HP: 14/17 MP: 3/5
   412 | D:1      | Found an iron altar of Okawaru.
  1123 | D:2      | Found a white marble altar of Elyvilon.
  1173 | D:1      | Reached XP level 3. HP: 7/21 MP: 4/7
  1460 | D:1      | Learned a level 3 spell: Frozen Ramparts
  1464 | D:1      | Learned a level 3 spell: Ozocubu's Armour
  1904 | D:2      | Killed from afar by an orc priest

Illustrated notes

Levels and vault maps discovered:
D:1:      wheals_arrival_linesprint, layout_rooms, okawaru_ov_weapons_minmay
D:2:      layout_rooms, elyvilon_altar_5, wander_ebering_terrifying_dragon_lair

Action                   || total
-------------------------++-------
Melee: Unarmed           ||     6
       Dagger            ||    18
       Constrict         ||     9
       Spear             ||    13
       Tentacles         ||     6
 Cast: Freeze            ||    15
       Frozen Ramparts   ||     3
       Ozocubu's Armour  ||     1
 Stab: Sleeping          ||     7
  Eat: Chunk             ||     3
Dodge: Dodged            ||    20

Table legend:
 A = Non-vault XP
 B = Vault XP
 C = Vault XP percentage of total XP
 D = Non-vault monster count
 E = Vault monster count
 F = Vault count percentage of total count
                 A         B        C        D         E       F
            +---------+---------+-------+---------+---------+-------
      Total |      56 |       0 |   0.0 |      24 |       0 |   0.0
            +---------+---------+-------+---------+---------+-------
        D:1 |      35 |       0 |   0.0 |      19 |       0 |   0.0
        D:2 |      21 |       0 |   0.0 |       5 |       0 |   0.0
            +---------+---------+-------+---------+---------+-------
